 Dungeon Crawl Stone Soup version 0.30-a0-953-g5f1da4a474 (webtiles) character file.

Game seed: 950027357869220668

1976 porpoise the Fighter (level 9, -4/132 (157) HPs)
             Began as an Ogre Fighter on Mar 29, 2023.
             Slain by a wight
             ... wielding a +0 flail
              (10 damage)
             ... on level 6 of the Dungeon.
             The game lasted 00:21:17 (6060 turns).

porpoise the Fighter (Ogre Fighter)                 Turns: 6060, Time: 00:21:18

HP:   -4/132 (157)  AC:  3    Str: 28    XL:     9   Next: 20%
MP:   0/9           EV:  9    Int:  9    God:
Gold: 472           SH: 10    Dex: 12    Spells: 8/8 levels left

rFire   . . .      SeeInvis .    a - +1 trident
rCold   . . .      Faith    .    c - +1 kite shield
rNeg    . . .      Spirit   +    i - +0 robe
rPois   .          Reflect  .    (helmet restricted)
rElec   .          Rampage  .    (no cloak)
rCorr   .                        (gloves unavailable)
Will    +....                    (boots unavailable) Stlth
                                 E - amulet of guardian spirit
HPRegen 0.42/turn                B - ring of willpower
MPRegen 0.11/turn                s - +6 ring of strength

@: berserking, heavily drained, very quick
A: large, unfitting armour, tough skin 1
a: no special abilities


You were on level 6 of the Dungeon.
You visited 1 branch of the dungeon, and saw 6 of its levels.
You also visited: Sewer and Ossuary.

You collected 472 gold pieces.

Inventory:

Hand Weapons
 a - a +1 trident (weapon)
 b - a +0 sling
Missiles
 g - 6 large rocks (quivered)
 A - 6 javelins
 D - 2 boomerangs
 F - 8 poisoned darts
Armour
 c - a +1 kite shield (worn)
 i - a +0 robe (worn)
Jewellery
 e - a +6 ring of intelligence
 s - a +6 ring of strength (right hand)
 B - a ring of willpower (left hand)
 E - an amulet of guardian spirit (around neck)
Wands
 t - a wand of light (3)
 y - a wand of flame (14)
Scrolls
 h - a scroll of magic mapping
 u - a scroll of teleportation
 w - a scroll of enchant weapon
Potions
 d - 3 potions of might
 f - a potion of ambrosia
 j - 7 potions of brilliance
 k - 2 potions of resistance
 l - 4 potions of haste
 m - a potion of magic
 n - 3 potions of attraction
 p - a potion of degeneration {unknown}
 q - 3 potions of flight
 r - a potion of invisibility {unknown}
 v - 4 potions of mutation
 x - 3 potions of curing {unknown}
 z - a potion of cancellation {unknown}
 G - a potion of heal wounds {unknown}


   Skills:
 + Level 11.6 Fighting
 - Level 6.0 Polearms
 + Level 3.3 Dodging
 + Level 6.2 Shields


You had 8 spell levels left.
You didn't know any spells.
Your spell library contained the following spells:

 Spells                   Type           Power      Damage    Failure   Level
 Blink                    Tloc           0%         N/A       78%         2
 Inner Flame              Hex/Fire       0%         N/A       95%         3
 Flame Wave               Conj/Fire      0%         2d4       100%        4
 Manifold Assault         Tloc           0%         N/A       100%        4
 Sticky Flame             Conj/Fire      0%         2d3       100%        4
 Malign Gateway           Summ/Tloc      0%         N/A       100%        7
 Storm Form               Tmut/Air       0%         N/A       100%        7
 Summon Horrible Things   Summ           0%         N/A       100%        8


Dungeon Overview and Level Annotations

Branches:
Dungeon (6/15)              Sewer (visited)         Ossuary (visited)
 Temple: D:4-7

Altars:
Cheibriados
Qazlal
Uskayaw

Annotations:
D:6 5 runed translucent doors


Innate Abilities, Weirdness & Mutations

You are too large for most types of armour.
You have tough skin. (AC +1)


Message History

Magic restored.
You start resting.
HP restored.
Things that are here:
a +1 flail; a +0 robe
Things that are here:
a +2 hand axe; a +0 robe You open the door. 3 wights come into view.
You puncture the wight!
The wight is heavily damaged.
The wight hits you with a +3 battleaxe!
You feel drained.
You puncture the wight!
You destroy the wight!
You hit the wight but do no damage. You block the wight's attack.
The wight hits you with a +0 flail!
Things that are here:
a +3 battleaxe; a +0 robe The wight attacks as you move away!
The wight hits you with a +3 scimitar! The wight hits you with a +0 flail!
You barely miss the wight. You block the wight's attack. x2
You barely miss the wight. The wight closely misses you.
The wight hits you with a +0 flail.
You feel drained.
You closely miss the wight. The wight hits you with a +3 scimitar!
You feel drained. The wight hits you with a +0 flail!
You feel drained.
You hit the wight.
The wight is lightly damaged.
The wight hits you with a +3 scimitar!
* * * LOW HITPOINT WARNING * * *
You feel drained. The wight hits you with a +0 flail!
* * * LOW HITPOINT WARNING * * *
You feel drained.
A red film seems to cover your vision as you go berserk!
You feel yourself moving faster!
You feel mighty! The wight hits you with a +3 scimitar!
* * * LOW HITPOINT WARNING * * *
You feel drained.
* * * LOW HITPOINT WARNING * * *
The wight hits you with a +0 flail!
You die...

********** ***,,,,,,###........
*>,,,,,,.#*#.+,,,,,,+.....<....
*,*,****,.##.*,,,,,,###########
*,*,* **....#*****###...###
***,*,* **#...* #.......###
,,*,*,* *#..######.#..))...##
,,*,*,*** #...##....####.....#
,,*,*,,,*#####.#.##....##
###....
,,*,***,,.......@z.....'# ###..
,,*,* ***#####.##z#....## ##.
,,*,* #,*#.#....# ## ,,*,*
*,*#.#....# # ,,*,* *,*#.######
,,*,* *,*#.#* ,,*,* *,*#..*
,,*,* *,*##.** ,,*,** *,*
*.,***


You could see 2 wights.

Vanquished Creatures
  Pikel (D:4)
  Sigmund (D:5)
  A water moccasin (Sewer)
  An ice beast (D:5)
  3 ogres
  A lemure (D:4)
  2 scorpions (D:5)
  3 wights (D:6)
  2 hounds
  A jelly (D:5)
  2 orc priests
  A sleepcap (D:4)
  Natasha (thrice) (D:4)
  3 iguanas
  An orc wizard (D:4)
  8 mummies (Ossuary)
  5 adders
  A river rat (D:4)
  A white imp (D:6)
  3 ufetubi
  2 dart slugs (D:2)
  18 orcs
  5 ball pythons
  8 endoplasms
  4 giant cockroaches
  5 goblins
  8 hobgoblins
  5 jackals
  9 kobolds
  5 quokkas
  4 bats
  6 frilled lizards
  A gnoll zombie (Ossuary)
  2 hobgoblin zombies (Ossuary)
  2 kobold zombies (Ossuary)
  3 orc zombies (Ossuary)
  9 rats
140 creatures vanquished.

Notes
Turn   | Place    | Note
-------+----------+-------------------------------------------
     0 | D:1      | porpoise the Ogre Fighter began the quest for the Orb.
     0 | D:1      | Reached XP level 1. HP: 24/24 MP: 1/1
   188 | D:1      | Reached XP level 2. HP: 31/33 MP: 2/2
   596 | D:1      | Reached XP level 3. HP: 41/41 MP: 3/3
   901 | D:2      | Reached skill level 5 in Fighting
   917 | D:2      | Found a faded altar of an unknown god.
  1149 | D:2      | Reached XP level 4. HP: 39/50 MP: 4/4
  1695 | D:3      | Found a stormy altar of Qazlal.
  2159 | D:4      | Noticed an ogre
  2180 | D:3      | Reached skill level 6 in Fighting
  2180 | D:3      | Reached XP level 5. HP: 34/59 MP: 5/5
  2255 | D:4      | Found a glowing drain.
  2304 | Sewer    | Entered a sewer
  2381 | Sewer    | Noticed a water moccasin
  2382 | Sewer    | Killed a water moccasin
  2383 | Sewer    | Reached XP level 6. HP: 68/68 MP: 6/6
  2663 | D:4      | Noticed Natasha
  2672 | D:4      | Killed Natasha
  2673 | D:4      | Reached skill level 7 in Fighting
  2675 | D:4      | Noticed Natasha
  2685 | D:4      | Killed Natasha
  2946 | D:4      | Noticed Pikel
  2988 | D:4      | Killed Pikel
  2989 | D:4      | Reached skill level 9 in Fighting
  2989 | D:4      | Reached XP level 7. HP: 39/83 MP: 7/7
  3238 | D:4      | Reached XP level 8. HP: 18/92 MP: 8/8
  3461 | D:4      | Found a snail-covered altar of Cheibriados.
  3463 | D:4      | Found a hide-covered altar of Uskayaw.
  3692 | D:4      | Noticed Natasha
  3698 | D:4      | Killed Natasha
  3868 | D:5      | Entered Level 5 of the Dungeon
  4174 | D:5      | Reached skill level 10 in Fighting
  4257 | D:5      | Noticed Sigmund
  4259 | D:5      | Killed Sigmund
  4316 | D:5      | Reached skill level 5 in Shields
  4941 | D:5      | Reached skill level 11 in Fighting
  5290 | D:6      | Found the +9 staff of Olgreb {rPois∞}
  5308 | D:6      | Found a sand-covered staircase.
  5316 | Ossuary  | Entered an ossuary
  5378 | Ossuary  | Reached XP level 9. HP: 93/105 MP: 7/9
  5755 | D:6      | Found a runed translucent door.
  5761 | D:6      | Found a runed translucent gate.
  5761 | D:6      | Found a runed translucent gate.
  5762 | D:6      | Found a runed translucent door.
  5782 | D:6      | Found a runed translucent gate.
  6060 | D:6      | HP: 6/132 [wight/+3 scimitar (2)]
  6060 | D:6      | Slain by a wight

Illustrated notes

Levels and vault maps discovered:
D:1:      dpeg_arrival_houses_and_road, layout_basic, roderic_serpentine_path
D:2:      layout_rooms, hellmonk_ecumenical_altar_lost_god, serial_park_tiny_1
D:3:      layout_loops_ring, nicolae_qazlal_scattered_showers
D:4:      layout_basic, mainiacjoe_overflow_catwalk_spiral,
          portal_sewer_entry_e, uniq_pikel, uniq_natasha
D:5:      layout_basic, uniq_sigmund
D:6:      layout_basic, nicolae_ossuary_entry_plus, serial_curves,
          eino_curves_01, eino_curves_01, minmay_guarded_unrand_staff_of_olgreb

Skill      XL: |  1  2  3  4  5  6  7  8  9 |
---------------+----------------------------+-----
Fighting       | 5 6 9 11 | 11.6
Polearms       | 3 4 6 |  6.0
Shields        | 5 6 |  6.2
Dodging        | 3 |  3.3

Action                     |  1- 3 |  4- 6 |  7- 9 || total
---------------------------+-------+-------+-------++-------
  Melee: Trident           |   128 |   150 |   205 ||   483
   Fire: Sling             |    14 |     7 |    27 ||    48
  Throw: Large rock        |       |     1 |     2 ||     3
    Use: Scroll            |       |    11 |     5 ||    16
         Potion            |       |     2 |     1 ||     3
   Stab: Sleeping          |     1 |     2 |       ||     3
 Armour: Robe              |    31 |    41 |    20 ||    92
  Dodge: Dodged            |    32 |    67 |    32 ||   131
  Block: Kite shield       |    49 |    86 |    68 ||   203

Table legend: (Time is in decaauts)
 A = Elapsed time spent in this place.
 B = Non-inter-level travel time spent in this place.
 C = Inter-level travel time spent in this place.
 D = Time resting spent in this place.
 E = Time spent auto-exploring this place.
 F = Levels seen in this place.
 G = Mean time per level.
                   A        B        C        D        E       F      G
               +--------+--------+--------+--------+--------+-----+--------+
         Total |   6204 |   5879 |    325 |   1153 |   3103 |   8 |  775.5 |
       Dungeon |   5748 |   5423 |    325 |   1115 |   3040 |   6 |  958.0 |
         Sewer |    129 |    129 |      0 |     10 |     51 |   1 |  129.0 |
       Ossuary |    327 |    327 |      0 |     28 |     12 |   1 |  327.0 |
               +--------+--------+--------+--------+--------+-----+--------+

Top non-repeatable levels by time:
     D:4: 1726 daAuts
     D:5: 1282 daAuts
     D:1: 873 daAuts
     D:3: 809 daAuts
     D:2: 572 daAuts
     D:6: 482 daAuts
 Ossuary: 327 daAuts
   Sewer: 129 daAuts
